Alene, chaotic male elven Priest --- --.-- |...| |..-- |.-- G |.-- ..)G |...| -.f.. F ---.-- --.@.. |...--------...... --........<.)..... --..-----...----- ---- ---- Alene the Acolyte Experience level: 4 Strength: 14 Dexterity: 10 Constitution: 15 Intelligence: 8 Wisdom: 17 Charisma: 11 Health: 0(28) Energy: 47(47) Def: 6 Gold: 176 Moves: 1063 Dungeon seed: 6GCWGljFbFv997kn Game ID: Alene_1615332595 Your Inventory: Coins $ - 176 gold pieces Weapons a - a blessed +1 mace (weapon in hand) p - 8 +0 silver arrows r - 7 +0 orcish arrows s - a +0 dagger (alternate weapon; not wielded) Armor e - a +0 robe (being worn) n - a +1 small shield (being worn) q - a +0 pair of kicking boots N - a blessed +1 dwarvish cloak Y - a +0 pair of iron shoes (being worn) Comestibles c - a clove of garlic d - a sprig of wolfsbane l - a food ration Scrolls v - a scroll of blank paper Spellbooks f - a spellbook of extra healing g - a spellbook of healing Potions b - 4 potions of holy water m - a potion of oil Rings w - a ring of warning (on left hand) Wands i - a cursed wand of locking (0:6) Tools h - a wooden harp Gems x - a worthless piece of white glass y - a worthless piece of red glass z - a worthless piece of green glass A - a jasper stone Spells and supernatural/magical abilities: Name Level Category Fail Memory h - healing 1 healing 0% 95% x - extra healing 3 healing 84% 95% W - pray for help -- divine ? -- X - turn undead -- divine ? -- Your skills at the end: Fighting Skills Weapon Skills mace [Basic] Spellcasting Skills clerical spells [Basic] Final Attributes: You were piously aligned. You were sleep resistant. You were warned. You had infravision. You are dead. Vanquished creatures: a gnome lord a gnomish wizard 2 dwarves a hobbit 5 gnomes 4 jackals 2 foxes a goblin 4 grid bugs 2 lichens 4 newts 27 creatures vanquished. Voluntary challenges: You were an atheist. You used a wielded weapon 23 times, starting on turn 4. You read items or engraved 2 times, starting on turn 13. You never genocided any monsters. You never polymorphed an object. You never changed form. You used no wishes. You never split a pudding. You never wrote Elbereth's name. You never violated your personal moral code. Dungeon overview: The Dungeons of Doom: levels 1 to 2 Level 1 a fountain a long staircase Level 2 a fountain stairs to The Gnomish Mines The Gnomish Mines: Level 3 <- You were here stairs to The Dungeons of Doom History has recorded: On T:1 you entered the Dungeons of Doom to retrieve the Amulet of Yendor! On T:308 you reached level 2 of The Dungeons of Doom. On T:632 you reached level 1 of The Gnomish Mines. On T:638 you advanced to experience level 2. On T:974 you advanced to experience level 3. On T:1053 you advanced to experience level 4. Score breakdown: Gold: 176 ( 7646 points) Experience: 4 levels ( 9649 points) Exploration: 3 levels ( 6.00%) ( 6060 points) Discoveries: 4 items ( 1.40%) ( 3547 points) Valuables value: (no points given unless you survive) Artifact value: 0 ( 0 points) Variety of kills: 11 monsters ( 2.89%) ( 5097 points) Turncount: 1063 turns ( 0 points) Survival: died (score multiplied by 80%) Total score: 25599 Latest messages: Qwerty picks up an arrow. You miss the gnomish wizard. Qwerty drops an arrow. The gnomish wizard points all around, then curses. You kill the gnomish wizard! Qwerty picks up a dagger. The dwarf picks up a dagger. Qwerty drops a dagger. Qwerty misses the dwarf. You miss the dwarf. Qwerty misses the dwarf. You hit the dwarf! Qwerty misses the dwarf. The dwarf wields a dagger! Qwerty bites the dwarf. You miss the dwarf. Qwerty misses the dwarf. You kill the dwarf! Qwerty picks up a dagger. Qwerty eats a dwarf corpse. Qwerty drops a dagger. You see here an arrow. Qwerty eats a gnome corpse. The gnome zaps an aluminum wand! The bolt of lightning hits you! You die... Final status: Goodbye Alene the Priest, killed by a bolt of lightning... You died in The Gnomish Mines on dungeon level 3 with 25599 points, and 176 pieces of gold, after 1063 moves. You were level 4 with a maximum of 28 hit points when you died.